ABL
CRONULLA SHARKS @ PENRITH PANTHERS
04/14/2022
 
TOP OF THE 1ST
Cronulla Sharks batting - Pitching for Penrith Panthers : LHP Dirk Morgan
Pitching: LHP Dirk Morgan
Batting: RHB Sloan Windus 0-0: Ball
1-0: Foul Ball, location: 7LMF
1-1: Foul Ball, location: 2F
1-2: Ground out 5-3 (Groundball, 56, EV 88.8 MPH)
Batting: RHB Mark Ryan 0-0: Called Strike
0-1: Called Strike
0-2: Ball
1-2: Strikes out swinging
Batting: RHB Kirby Penfold 0-0: Ball
1-0: Foul Ball, location: 2F
1-1: Ball
2-1: Called Strike
2-2: Strikes out looking
Top of the 1st over - 0 runs, 0 hits, 0 errors, 0 left on base; Cronulla 0 - Penrith 0
BOTTOM OF THE 1ST
Penrith Panthers batting - Pitching for Cronulla Sharks : LHP Billie Kenny
Pitching: LHP Billie Kenny
Batting: LHB Ben Burgoin 0-0: Foul Ball, location: 2F
0-1: Ball
1-1: SINGLE (Groundball, 23, EV 71.9 MPH) (infield hit)
Batting: RHB Kevin Emmett 0-0: Bunted foul
0-1: Bunted foul
0-2: Ball
1-2: Ball
2-2: Ball
3-2: SINGLE (Groundball, 6, EV 83.1 MPH)
Ben Burgoin to second
Ben Burgoin to third
Batting: RHB Cedric Neill 0-0: Ball
1-0: Called Strike
1-1: DOUBLE (Line Drive, 7LM, EV 91.3 MPH)
Ben Burgoin scores
Kevin Emmett to third
Batting: RHB Ian Rogers 0-0: Called Strike
0-1: Called Strike
0-2: Ball
1-2: Strikes out swinging
Batting: RHB Butch Millar 0-0: Called Strike
0-1: Fly out, F2 (Popup, 3SF, EV 76.3 MPH)
Batting: RHB Darren Rochow 0-0: Ball
1-0: SINGLE (Groundball, 6MS, EV 64.4 MPH) (infield hit)
Kevin Emmett scores
Cedric Neill to third
Batting: RHB Mark Ruzic 0-0: Ball
1-0: Swinging Strike
1-1: Ball
2-1: Ball
Wild Pitch!
Cedric Neill scores
Darren Rochow to second
3-1: SINGLE (Line Drive, 7S, EV 91.3 MPH)
Darren Rochow to third
Runner from 3rd tries for Home, SAFE, throw by LF to home
Batting: RHB Johnny O'Brien 0-0: Called Strike
0-1: Ball
1-1: Fly out, F8 (Flyball, 8RM, EV 88.1 MPH)
Bottom of the 1st over - 4 runs, 5 hits, 0 errors, 1 left on base; Cronulla 0 - Penrith 4
TOP OF THE 2ND
Cronulla Sharks batting - Pitching for Penrith Panthers : LHP Dirk Morgan
Batting: RHB Asa Thatcher 0-0: Ball
1-0: Called Strike
1-1: Ball
2-1: Fly out, F8 (Flyball, 78M, EV 86.3 MPH)
Batting: LHB Nick Jeffcoate 0-0: Ball
1-0: Called Strike
1-1: Foul Ball, location: 5F
1-2: Ground out U3 (Groundball, 34S, EV 68.8 MPH)
Batting: SHB Bruno Collick 0-0: Ball
1-0: Called Strike
1-1: Foul Ball, location: 2F
1-2: Ball
2-2: Fly out, F9 (Flyball, 89D, EV 105.0 MPH)
Top of the 2nd over - 0 runs, 0 hits, 0 errors, 0 left on base; Cronulla 0 - Penrith 4
BOTTOM OF THE 2ND
Penrith Panthers batting - Pitching for Cronulla Sharks : LHP Billie Kenny
Batting: SHB Dirk Morgan 0-0: Ball
1-0: Called Strike
1-1: Ball
2-1: Ground out 1-3 (Groundball, 13S, EV 65.6 MPH)
Batting: LHB Ben Burgoin 0-0: Called Strike
0-1: Ground out 5-3 (Groundball, 56S, EV 73.8 MPH)
Batting: RHB Kevin Emmett 0-0: Ball
1-0: Called Strike
1-1: Fly out, F8 (Flyball, 8RD, EV 81.9 MPH)
Bottom of the 2nd over - 0 runs, 0 hits, 0 errors, 0 left on base; Cronulla 0 - Penrith 4
TOP OF THE 3RD
Cronulla Sharks batting - Pitching for Penrith Panthers : LHP Dirk Morgan
Batting: SHB Tony Alvarado 0-0: Ball
1-0: SINGLE (Groundball, 6D, EV 99.4 MPH)
Batting: RHB John Elkington 0-0: Ball
1-0: Foul Ball, location: 9LSF
1-1: Ball
2-1: Called Strike
2-2: Strikes out swinging
Batting: LHB Billie Kenny 0-0: Bunted foul
0-1: Ball
1-1: Bunt missed!
1-2: Sac Bunt to 25 - play at first, batter OUT! 5-4
Tony Alvarado to second
Batting: RHB Sloan Windus 0-0: Fly out, F8 (Line Drive, 8RD, EV 90.6 MPH)
Top of the 3rd over - 0 runs, 1 hit, 0 errors, 1 left on base; Cronulla 0 - Penrith 4
BOTTOM OF THE 3RD
Penrith Panthers batting - Pitching for Cronulla Sharks : LHP Billie Kenny
Batting: RHB Cedric Neill 0-0: Ball
1-0: Foul Ball, location: 7LSFF
1-1: Foul Ball, location: 2F
1-2: Ball
2-2: Foul Ball, location: 9LMF
2-2: Foul Ball, location: 7LMF
2-2: Ball
3-2: Base on Balls
Batting: RHB Ian Rogers 0-0: Ball
1-0: Called Strike
1-1: Ball
2-1: Called Strike
2-2: Foul Ball, location: 7LMF
2-2: Foul Ball, location: 9LDF
2-2: Ball
3-2: Strikes out looking
Batting: RHB Butch Millar 0-0: Swinging Strike
0-1: Foul Ball, location: 2F
0-2: Strikes out swinging
Batting: RHB Darren Rochow 0-0: Ball
1-0: Fly out, F9 (Flyball, 9LS, EV 93.8 MPH)
Bottom of the 3rd over - 0 runs, 0 hits, 0 errors, 1 left on base; Cronulla 0 - Penrith 4
TOP OF THE 4TH
Cronulla Sharks batting - Pitching for Penrith Panthers : LHP Dirk Morgan
Batting: RHB Mark Ryan 0-0: Called Strike
0-1: Swinging Strike
0-2: Fly out, F9 (Flyball, 89M, EV 82.5 MPH)
Batting: RHB Kirby Penfold 0-0: Ball
1-0: Fly out, F8 (Flyball, 8RD, EV 110.0 MPH)
Batting: RHB Asa Thatcher 0-0: Ball
1-0: Foul Ball, location: 2F
1-1: Ball
2-1: Ball
3-1: Swinging Strike
3-2: Strikes out swinging
Top of the 4th over - 0 runs, 0 hits, 0 errors, 0 left on base; Cronulla 0 - Penrith 4
BOTTOM OF THE 4TH
Penrith Panthers batting - Pitching for Cronulla Sharks : LHP Billie Kenny
Batting: RHB Mark Ruzic 0-0: SINGLE (Groundball, 4MD, EV 106.3 MPH)
Batting: RHB Johnny O'Brien 0-0: Ball
1-0: Ball
2-0: SINGLE (Groundball, 4MD, EV 100.0 MPH)
Mark Ruzic to second
Batting: SHB Dirk Morgan 0-0: Ball
1-0: Bunted foul
1-1: Bunted foul
1-2: Sac Bunt to 23 - play at first, batter OUT! 3-4
Mark Ruzic to third
Johnny O'Brien to second
Batting: LHB Ben Burgoin 0-0: Foul Ball, location: 23F
0-1: Ball
1-1: Ground out 4-3 (Groundball, 4, EV 91.9 MPH)
Batting: RHB Kevin Emmett 0-0: Ball
1-0: Foul Ball, location: 2F
1-1: Ball
2-1: SINGLE (Line Drive, 89S, EV 103.1 MPH)
Mark Ruzic scores
Johnny O'Brien to third
Pitching: RHP Jim Read
Batting: RHB Cedric Neill 0-0: Foul Ball, location: 5FF
0-1: Ball
1-1: Ball
2-1: Foul Ball, location: 23F
2-2: Foul Ball, location: 25FF
2-2: Ball
3-2: Base on Balls
Kevin Emmett to second
Batting: RHB Ian Rogers 0-0: Ball
1-0: Foul Ball, location: 2F
1-1: Foul Ball, location: 3F
1-2: Strikes out swinging
Bottom of the 4th over - 1 run, 3 hits, 0 errors, 3 left on base; Cronulla 0 - Penrith 5
TOP OF THE 5TH
Cronulla Sharks batting - Pitching for Penrith Panthers : LHP Dirk Morgan
Batting: LHB Nick Jeffcoate 0-0: Ball
1-0: Called Strike
1-1: Called Strike
1-2: Ball
2-2: Foul Ball, location: 7LSF
2-2: Ground out 4-3 (Groundball, 4, EV 78.8 MPH)
Batting: SHB Bruno Collick 0-0: Ball
1-0: Fly out, F8 (Flyball, 78M, EV 81.3 MPH)
Batting: SHB Tony Alvarado 0-0: Ball
1-0: Swinging Strike
1-1: Ball
2-1: Ball
3-1: Fly out, F9 (Line Drive, 9D, EV 85.6 MPH)
Top of the 5th over - 0 runs, 0 hits, 0 errors, 0 left on base; Cronulla 0 - Penrith 5
BOTTOM OF THE 5TH
Penrith Panthers batting - Pitching for Cronulla Sharks : RHP Jim Read
Batting: RHB Butch Millar 0-0: Called Strike
0-1: SINGLE (Line Drive, 6D, EV 99.4 MPH)
Pitching: RHP Fletch McIlwain
Batting: RHB Darren Rochow 0-0: Ball
1-0: Ball
2-0: Ball
3-0: Called Strike
3-1: Base on Balls
Butch Millar to second
Batting: RHB Mark Ruzic 0-0: Ground out 5-3 (Groundball, 56S, EV 70.6 MPH)
Butch Millar to third
Darren Rochow to second
Batting: RHB Johnny O'Brien 0-0: Intentional Walk
Batting: SHB Dirk Morgan 0-0: Called Strike
0-1: Called Strike
0-2: Strikes out swinging
Batting: LHB Ben Burgoin 0-0: Swinging Strike
0-1: Foul Ball, location: 3F
0-2: DOUBLE (Flyball, 89D, EV 92.5 MPH)
Butch Millar scores
Darren Rochow scores
Johnny O'Brien to third
Runner from 3rd tries for Home, SAFE, no throw by CF
Batting: RHB Kevin Emmett 0-0: Ball
1-0: Ground out 5-3 (Groundball, 56, EV 102.5 MPH)
Bottom of the 5th over - 3 runs, 2 hits, 0 errors, 1 left on base; Cronulla 0 - Penrith 8
TOP OF THE 6TH
Cronulla Sharks batting - Pitching for Penrith Panthers : LHP Dirk Morgan
Batting: RHB John Elkington 0-0: Ball
1-0: Called Strike
1-1: SINGLE (Line Drive, 5D, EV 93.8 MPH)
Pinch Hitting: LHB Carmen Sims 0-0: Grounds out, U3 (Groundball, 3L, EV 104.4 MPH)
Batting: RHB Sloan Windus 0-0: Ball
1-0: Called Strike
1-1: Called Strike
1-2: Foul Ball, location: 7LMF
1-2: Ball
2-2: Ball
3-2: Fly out, F8 (Line Drive, 8RD, EV 96.3 MPH)
Batting: RHB Mark Ryan 0-0: Swinging Strike
0-1: Ball
1-1: Foul Ball, location: 2LF
1-2: Strikes out swinging
Top of the 6th over - 0 runs, 1 hit, 0 errors, 1 left on base; Cronulla 0 - Penrith 8
BOTTOM OF THE 6TH
Penrith Panthers batting - Pitching for Cronulla Sharks : RHP Fletch McIlwain
Pitching: LHP Steve Dugan
Batting: RHB Cedric Neill 0-0: Ball
1-0: Called Strike
1-1: Called Strike
1-2: Ball
2-2: Foul Ball, location: 2F
2-2: Ball
3-2: Ground out 6-3 (Groundball, 6S, EV 80.6 MPH)
Batting: RHB Ian Rogers 0-0: Ball
1-0: Ball
2-0: Called Strike
2-1: Foul Ball, location: 2F
2-2: Ball
3-2: Foul Ball, location: 9LDF
3-2: SINGLE (Groundball, 4D, EV 104.4 MPH) (infield hit)
Batting: RHB Butch Millar 0-0: Foul Ball, location: 2F
0-1: Foul Ball, location: 7LMF
0-2: Grounds into double play, U4-3 (Groundball, 6M, EV 90.0 MPH)
Bottom of the 6th over - 0 runs, 1 hit, 0 errors, 0 left on base; Cronulla 0 - Penrith 8
TOP OF THE 7TH
Cronulla Sharks batting - Pitching for Penrith Panthers : LHP Dirk Morgan
Batting: RHB Kirby Penfold 0-0: Called Strike
0-1: Ball
1-1: Foul Ball, location: 9LDF
1-2: Foul Ball, location: 2F
1-2: Foul Ball, location: 25F
1-2: SINGLE (Flyball, 78S, EV 96.3 MPH)
Batting: RHB Asa Thatcher 0-0: Fly out, F9 (Flyball, 9LD, EV 91.3 MPH)
Batting: LHB Nick Jeffcoate 0-0: Called Strike
0-1: Called Strike
0-2: Ball
1-2: SINGLE (Groundball, 34D, EV 103.1 MPH)
Kirby Penfold to second
Runner from 2nd tries for 3rd, OUT! 9-5
Nick Jeffcoate to second
Batting: SHB Bruno Collick 0-0: Ball
1-0: Ground out 5-3 (Groundball, 5S, EV 86.9 MPH)
Top of the 7th over - 0 runs, 2 hits, 0 errors, 1 left on base; Cronulla 0 - Penrith 8
BOTTOM OF THE 7TH
Penrith Panthers batting - Pitching for Cronulla Sharks : LHP Steve Dugan
Pinch Hitting: RHB Denzel Nero 0-0: Called Strike
0-1: Foul Ball, location: 2F
0-2: Strikes out swinging
Batting: RHB Mark Ruzic 0-0: SOLO HOME RUN (Flyball, 7D, EV 96.3 MPH), Distance : 357 ft
Batting: RHB Johnny O'Brien 0-0: Ball
1-0: Ground out 5-3 (Groundball, 56, EV 88.1 MPH)
Batting: SHB Dirk Morgan 0-0: Ball
1-0: Fly out, F8 (Flyball, 89D, EV 105.0 MPH)
Bottom of the 7th over - 1 run, 1 hit, 0 errors, 0 left on base; Cronulla 0 - Penrith 9
TOP OF THE 8TH
Cronulla Sharks batting - Pitching for Penrith Panthers : LHP Dirk Morgan
Now in RF: Chase Braytham
Batting: SHB Tony Alvarado 0-0: Ball
1-0: Called Strike
1-1: Fly out, F8 (Line Drive, 8RD, EV 108.8 MPH)
Batting: RHB John Elkington 0-0: Called Strike
0-1: Swinging Strike
0-2: Strikes out swinging
Batting: RHB Steve Dugan 0-0: SINGLE (Groundball, 4D, EV 98.8 MPH)
Batting: RHB Sloan Windus 0-0: Swinging Strike
0-1: Called Strike
0-2: Fielders Choice at 2nd, 6-4 (Groundball, 6, EV 105.6 MPH)
Top of the 8th over - 0 runs, 1 hit, 0 errors, 1 left on base; Cronulla 0 - Penrith 9
BOTTOM OF THE 8TH
Penrith Panthers batting - Pitching for Cronulla Sharks : LHP Steve Dugan
Batting: LHB Ben Burgoin 0-0: Fly out, F4 (Popup, 4D, EV 61.9 MPH)
Batting: RHB Kevin Emmett 0-0: Ball
1-0: Foul Ball, location: 2F
1-1: Ball
2-1: Ball
3-1: DOUBLE (Line Drive, 78M, EV 98.8 MPH)
Pinch Hitting: LHB Harry McKean 0-0: Ball
1-0: Called Strike
1-1: Foul Ball, location: 7LSF
1-2: Foul Ball, location: 2F
1-2: Ball
2-2: Ball
3-2: Fly out, F8 (Flyball, 78D, EV 87.5 MPH)
Batting: RHB Ian Rogers 0-0: Ball
1-0: Called Strike
1-1: 2-RUN HOME RUN (Flyball, 7LD, EV 92.5 MPH), Distance : 330 ft
Batting: RHB Butch Millar 0-0: Called Strike
0-1: Called Strike
0-2: Ball
1-2: Foul Ball, location: 2F
1-2: Ball
2-2: Ball
3-2: Ground out 5-3 (Groundball, 56S, EV 63.1 MPH)
Bottom of the 8th over - 2 runs, 2 hits, 0 errors, 0 left on base; Cronulla 0 - Penrith 11
TOP OF THE 9TH
Cronulla Sharks batting - Pitching for Penrith Panthers : LHP Dirk Morgan
Now in LF: Harry McKean
Batting: RHB Mark Ryan 0-0: Ball
1-0: Ball
2-0: Ball
3-0: Called Strike
3-1: Foul Ball, location: 2F
3-2: Foul Ball, location: 9LDF
3-2: Base on Balls
Batting: RHB Kirby Penfold 0-0: Foul Ball, location: 2F
0-1: Called Strike
0-2: Strikes out swinging
Pitching: LHP P.D. Hucknall
Batting: RHB Asa Thatcher 0-0: Ball
1-0: Ball
2-0: Fielders Choice at 2nd, 5-4 (Groundball, 56, EV 81.9 MPH)
Pinch Hitting: LHB Bill Gower 0-0: Ball
1-0: Ball
2-0: Ground out 4-3 (Groundball, 4, EV 88.1 MPH)
Top of the 9th over - 0 runs, 0 hits, 0 errors, 1 left on base; Cronulla 0 - Penrith 11
Tuesday, April 23rd , 2024 - OOTP Baseball 24.9 Build 80